 Dungeon Crawl Stone Soup version 0.18-a0-1468-gaf180a1 (webtiles) character file.

324 namelastname112 the Insei (level 6, -8/51 HPs)
             Began as a Draconian Monk on Mar 2, 2016.
             Shot with an arrow by a centaur (12 damage)
             ... on level 4 of the Dungeon.
             The game lasted 00:03:47 (3260 turns).

namelastname112 the Insei (Draconian Monk)          Turns: 3260, Time: 00:03:47

Health: -8/51      AC:  7    Str: 13    XL:     6   Next: 23%
Magic:  6/6        EV: 13    Int: 10    God:
Gold:   129        SH:  0    Dex: 16    Spells: 0 memorised, 5 levels left

rFire  + . .     SeeInvis .       - Unarmed
rCold  . . .     Gourm    .     (armour unavailable)
rNeg   . . .     Faith    .     (no shield)
rPois  .         Spirit   .     (helmet restricted)
rElec  .         Dismiss  .     (no cloak)
rCorr  .         Reflect  .     q - +0 pair of gloves
SustAt .         Harm     .     (no boots)
MR     .....                    (no amulet)
Stlth  +.........               l - ring of loudness (curse)
                                f - ring of protection from fire

@: not resistant to hostile enchantments, very unstealthy
A: unfitting armour, cold-blooded, AC +6
a: no special abilities


You were on level 4 of the Dungeon.
You were hungry.

You visited 1 branch of the dungeon, and saw 4 of its levels.

You collected 129 gold pieces.

Inventory:

Missiles
 n - 8 curare-tipped needles
Armour
 q - a +0 pair of gloves (worn)
Jewellery
 f - a ring of protection from fire (left hand)
 l - a cursed ring of loudness (right hand)
Wands
 o - a wand of iceblast (0/15)
Scrolls
 b - 4 scrolls of identify {unknown}
 d - a scroll of amnesia {unknown}
 e - a scroll of fog {unknown}
 g - a scroll of blinking {unknown}
 h - 2 scrolls of remove curse {unknown}
 k - a scroll of teleportation {unknown}
 p - a scroll of enchant weapon {unknown}
Potions
 i - 2 potions of haste {unknown}
 m - 2 potions of flight {unknown}
 r - a potion of brilliance {unknown}
 t - a potion of heal wounds {unknown}
Comestibles
 a - 6 bread rations
 c - 2 meat rations
 j - a beef jerky


   Skills:
 - Level 3.2 Fighting
 - Level 2.6 Dodging
 - Level 1.7 Stealth
 + Level 7.6 Unarmed Combat


You had 5 spell levels left.
You didn't know any spells.

Dungeon Overview and Level Annotations

Branches:
Dungeon (4/15)
 Temple: D:4-7

Altars:
Fedhas
Okawaru
Yredelemnul
Zin

Shops:
D:4 =


Innate Abilities, Weirdness & Mutations

Your plain brown scales are hard (AC +6).
Your body does not fit into most forms of armour.
You are cold-blooded and may be slowed by cold attacks.


Message History

The worker ant twitches its antennae in your direction.
The centaur wields an uncursed shortbow.
The centaur shoots an arrow.
The arrow hits you!
You see here an arrow.
The centaur unwields an uncursed shortbow.
The centaur hits the bush but does no damage.
The centaur wields an uncursed shortbow.
The centaur shoots an arrow.
The arrow hits you!
You see here an arrow.
The centaur shoots an arrow.
The arrow hits you!
* * * LOW HITPOINT WARNING * * *
Something bites the bush but does no damage.
The worker ant waves its antennae.
You see here an arrow.
You are too injured to fight recklessly!
You are too injured to fight recklessly!
There are monsters nearby!
You are too injured to fight recklessly!
The centaur shoots an arrow.
The arrow hits you!
You die...

####.#.#############.#
#.....................#
#.##................... #
#.####.........##......
#.#........(.....##......
#................##......
#................##......
#.....#.(........##......
#......(@........##......
#.#..PP(a..?.....#######.
#.PPPP.#.####### #. #
PcPP#... #. .PlP.#### #.


PPP. .. ## .. ### ## You could see a centaur, a worker ant and a giant gecko.

Vanquished Creatures
  2 orc priests (D:4)
  4 orc wizards
  An iguana (D:3)
  6 adders
  2 giant geckos
  5 orcs
  8 bats
  4 giant cockroaches
  7 goblins
  6 hobgoblins
  12 jackals
  3 quokkas
  A ball python (D:1)
  8 giant newts
  3 kobolds
  5 rats
  A spectral orc (D:4)
78 creatures vanquished.

Notes
Turn   | Place    | Note
--------------------------------------------------------------
     0 | D:1      | namelastname112 the Draconian Monk began the quest for the Orb.
     0 | D:1      | Reached XP level 1. HP: 19/19 MP: 1/1
   165 | D:1      | Reached XP level 2. HP: 26/26 MP: 2/2
   495 | D:1      | Reached skill level 5 in Unarmed Combat
   495 | D:1      | Reached XP level 3. HP: 11/31 MP: 3/3
   998 | D:2      | Found a glowing silver altar of Zin.
  1480 | D:3      | Reached XP level 4. HP: 38/38 MP: 4/4
  1828 | D:3      | Reached skill level 6 in Unarmed Combat
  2267 | D:3      | Reached XP level 5. HP: 39/45 MP: 5/5
  2621 | D:3      | Found a basalt altar of Yredelemnul.
  2662 | D:4      | Found Plog's Jewellery Shoppe.
  2674 | D:4      | Reached skill level 7 in Unarmed Combat
  2692 | D:4      | Reached XP level 6. HP: 34/51 MP: 6/6
  2885 | D:4      | Found an iron altar of Okawaru.
  3254 | D:4      | Found a blossoming altar of Fedhas.
  3260 | D:4      | Shot with an arrow by a centaur

Vault maps used:
D:1:      mrwooster_arrival_statue_2
D:2:      zin_scriptorium, minmay_distorted
D:3:      yredelemnul_forgotten_temple_becter
D:4:      nicolae_ru_awakened_eye, okawaru_gym_becter, serial_shops, shop,
          first_bread, minivault_24, fedhas_bush_and_centaur_altar

Skill      XL: |  1  2  3  4  5 |
---------------+----------------+-----
Unarmed Combat | 5 6 7 |  7.6
Fighting       | |  3.2
Dodging        | |  2.6
Stealth        | |  1.7

Action                   |  1- 3 |  4- 6 || total
-------------------------+-------+-------++-------
Melee: Unarmed           |   135 |   116 ||   251
Evoke: Wand              |       |     2 ||     2
  Use: Potion            |     1 |     1 ||     2
 Stab: Sleeping          |     2 |       ||     2
       Distracted        |     1 |       ||     1
  Eat: Chunk             |     1 |     6 ||     7
